 Dungeon Crawl Stone Soup version 0.31-a0-940-gdaa99269f9 (webtiles) character file.

Game seed: 8254858495987758474

13 Azuregosa the Sneak (level 2, -14/21 HPs)
             Began as an Octopode Delver on Oct 20, 2023.
             Was an Initiate of Gozag.
             Demolished by an ogre
             ... wielding a +0 giant club
              (27 damage)
             ... on level 4 of the Dungeon.
             The game lasted 00:04:18 (368 turns).

Azuregosa the Sneak (Octopode Delver)                Turns: 368, Time: 00:04:18

Health: -14/21     AC:  1    Str: 11    XL:     2   Next: 37%
Magic:  2/2        EV: 13    Int: 12    God:    Gozag
Gold:   14         SH:  0    Dex: 13    Spells: 1/1 levels left

rFire   . . .        a - +0 mace
rCold   . . .        (no shield)
rNeg    . . .        (helmet restricted)
rPois   .            (no amulet)
rElec   .            (no ring)
rCorr   .            (no ring)
SInv    .            (no ring)
Will    .....        (no ring)
Stlth   ++++         (no ring)
HPRegen 0.23/turn    (no ring)
MPRegen 0.08/turn    (no ring)
                     (no ring)

%: no passive effects
@: no status effects
A: almost no armour, amphibious, 8 rings, camouflage 1, gelatinous body 1,
(nimble swimmer 1), tentacles
a: Renounce Religion, Potion Petition, Call Merchant, Bribe Branch


You were on level 4 of the Dungeon.
You worshipped Gozag.
Gozag was noncommittal.
You visited 2 branches of the dungeon, and saw 3 of its levels.

You collected 46 gold pieces.
You spent 22 gold pieces at shops.
You paid 10 gold pieces to Gozag.

Inventory:

Hand Weapons
 a - a +0 mace (weapon)
Missiles
 g - 4 stones
Wands
 f - a wand of digging (3)
Scrolls
 b - a scroll of fog
 d - a scroll of fear
 h - a scroll of revelation
Potions
 c - a potion of heal wounds
 e - a potion of haste


   Skills:
 - Level 3.0 Fighting
 - Level 2.0 Maces & Flails
 - Level 2.0 Dodging
 + Level 7.4 Stealth


You had one spell level left.
You didn't know any spells.
Your spell library contained the following spells:

 Spells                   Type           Power      Damage    Failure   Level
 Blink                    Tloc           0%         N/A       45%         2
 Manifold Assault         Tloc           0%         N/A       97%         4


Dungeon Overview and Level Annotations

Branches:
Dungeon (5/15)             Temple (1/1) D:5

Altars:
Ashenzari
Cheibriados
Fedhas
Gozag
Kikubaaqudgha
Makhleb
Okawaru
Qazlal
Ru
Trog
Vehumet
Wu Jian
Xom
Zin

Shops:
D:5 *


Innate Abilities, Weirdness & Mutations

You cannot wear most types of armour.
You are amphibious.
You can wear up to eight rings at the same time.
Your skin changes colour to match your surroundings (Stealth+).
Your rubbery body absorbs attacks. (AC +1, EV +1)
((You are camouflaged when in or above water. (Stealth+)))
You have tentacles for arms and can constrict up to eight enemies at once.


Message History

Unknown command.
Press < or > to pray at altars.
There is a staircase back to the Dungeon here.
You climb upwards.
There is a staircase to the Ecumenical Temple here.
You see here an adder corpse.
An orc comes into view.
It is wielding a +0 club and wearing a +2 ring mail of willpower.
An orc wizard comes into view. It is wielding a +0 dagger.
An orc priest and an adder come into view.
You barely miss the orc. You grab the orc.
You squeeze the orc, but do no damage.
You constrict the orc, but do no damage.
The orc barely misses you.
You hit the orc but do no damage. You squeeze the orc!
You kill the orc!
You now have 14 gold pieces (gained 6).
Things that are here:
a +0 club; a +2 ring mail of willpower A phantom comes into view.
Found a stone staircase leading up.
There is a stone staircase leading up here.
You climb upwards.
Found a golden potion.
There is a stone staircase leading down here.
A goblin comes into view. It is wielding a +0 club.
An ogre comes into view. It is wielding a +0 giant club.
The ogre shouts!
The ogre moves out of view.
You barely miss the ogre. The ogre hits you with a +0 giant club!
You hit the ogre.
The ogre is lightly wounded.
The ogre closely misses you.
You hit the ogre.
The ogre is moderately wounded.
You hit the ogre but do no damage.
The ogre is moderately wounded.
The ogre hits you with a +0 giant club!!
Ouch! That really hurt!
You die...
Your body crumbles into a pile of gold.

...##....#...#..#
................#
..l.............
# #.>........
#.##....##..
#g.......#.#
...........#.##
...#.##...##..#
.. #........@.# .
........##O.#
...###..#...#
##.. #.......# ##
##..#.### #.###
##


You could see an ogre.

Vanquished Creatures
  An adder (D:5)
  2 orcs (D:5)
3 creatures vanquished.

Notes
Turn   | Place    | Note
-------+----------+-------------------------------------------
     0 | D:5      | Azuregosa the Octopode Delver began the quest for the Orb.
     0 | D:5      | Reached XP level 1. HP: 16/16 MP: 1/1
    16 | D:5      | Noticed a hound
    16 | D:5      | Noticed a sleepcap
    52 | D:5      | Noticed an ice beast
    69 | D:5      | Found Diur's General Store.
   111 | D:5      | Bought a scroll of identify for 22 gold pieces
   162 | D:5      | Found a bloodstained altar of Trog.
   216 | D:5      | Found a staircase to the Ecumenical Temple.
   224 | D:5      | Reached skill level 7 in Stealth
   224 | D:5      | Reached XP level 2. HP: 18/21 MP: 2/2
   248 | Temple   | Entered the Ecumenical Temple
   265 | Temple   | Became a worshipper of Gozag Ym Sagoz the Greedy
   336 | D:5      | Noticed a phantom
   357 | D:4      | Noticed a black bear
   363 | D:4      | Noticed an ogre
   368 | D:4      | Demolished by an ogre

Illustrated notes

Levels and vault maps discovered:
D:4:      layout_cave_pools
D:5:      layout_loops_ring, kennysheep_little_box,
          minmay_temple_entry_butterflies, serial_shops, shop_statue,
          minivault_5, uniq_blork_the_orc
Temple:   dshaligram_water_room_temple

Skill      XL: |  1 |
---------------+----+-----
Stealth        | 7 |  7.4
Fighting       | |  3.0
Maces & Flails | |  2.0
Dodging        | |  2.0

Action                     || total
---------------------------++-------
  Melee: Mace              ||    14
         Tentacles         ||     5
         Constrict         ||     3
    Use: Scroll            ||     2
   Stab: Sleeping          ||     1
 Armour: Skin              ||     3
  Dodge: Dodged            ||    11

Table legend: (Time is in decaauts)
 A = Elapsed time spent in this place.
 B = Non-inter-level travel time spent in this place.
 C = Inter-level travel time spent in this place.
 D = Time resting spent in this place.
 E = Time spent auto-exploring this place.
 F = Levels seen in this place.
 G = Mean time per level.
                   A        B        C        D        E       F      G
               +--------+--------+--------+--------+--------+-----+--------+
         Total |    371 |    371 |      0 |     22 |      0 |   3 |  123.7 |
       Dungeon |    337 |    337 |      0 |     22 |      0 |   2 |  168.5 |
        Temple |     34 |     34 |      0 |      0 |      0 |   1 |   34.0 |
               +--------+--------+--------+--------+--------+-----+--------+

Top non-repeatable levels by time:
     D:5: 325 daAuts
  Temple: 34 daAuts
     D:4: 11 daAuts
